 Dungeon Crawl Stone Soup version 0.31-a0-43-g46d131a48f (webtiles) character file.

Game seed: 16231376179373673833

122713 senseless the Markself (level 16, 0/103 HPs)
             Began as a Deep Elf Hunter on May 19, 2023.
             Was the Champion of Fedhas.
             Killed from afar by a manticore (5 damage)
             ... with a volley of spikes
             ... on level 4 of the Shoals on May 20, 2023.
             The game lasted 01:19:54 (22690 turns).

senseless the Markself (Deep Elf Hunter)           Turns: 22690, Time: 01:19:55

Health: 0/103      AC: 16    Str: 14    XL:     16   Next: 35%
Magic:  35/35      EV: 31    Int: 15    God:    Fedhas [******]
Gold:   2329       SH: 11    Dex: 24    Spells: 15/15 levels left

rFire   + . .        w - +11 hand crossbow of the Establishment {freeze, rF+}
rCold   + + .        D - +3 buckler {rC+}
rNeg    + . .        H - +3 leather armour
rPois   .            q - +2 helmet
rElec   .            W - +2 cloak {Stlth+}
rCorr   .            M - +0 pair of gloves
SInv    .            U - +2 pair of boots {Fly}
Will    ++++.        i - amulet of the Four Winds {rN+ Will+++ Clar}
Stlth   ++++++++     b - ring of Disaster {MP+9 Str+6 Int-2 Slay+5}
HPRegen 0.37/turn    K - +5 ring of evasion
MPRegen 0.24/turn

%: clarity
@: spiked, flying, studying Shields, unable to drink
A: clarity, cold resistance 1, inability to drink after injury 1
a: Renounce Religion, Wall of Briars, Grow Ballistomycete, Overgrow, Grow Oklob


You were on level 4 of the Shoals.
You worshipped Fedhas.
Fedhas was exalted by your worship.
You visited 3 branches of the dungeon, and saw 24 of its levels.
You also visited: Bailey, Gauntlet and Ice Cave.

You collected 2910 gold pieces.
You spent 581 gold pieces at shops.

Inventory:

Hand Weapons
 w - the +11 hand crossbow of the Establishment (weapon) {freeze, rF+}
   (You acquired it on level 5 of the Dungeon)

   rF:        It protects you from fire.
Armour
 q - a +2 helmet (worn)
 D - a +3 buckler of cold resistance (worn)
 H - a +3 leather armour (worn)
 M - a +0 pair of gloves (worn)
 U - a +2 pair of boots of flying (worn)
 W - a +2 cloak of stealth (worn)
 X - a +1 hat of intelligence
Magical Staves
 r - the staff of conjuration "Ibbar" {rPois rF++ SInv Stlth+}
   (You found it in a Gauntlet)

   [staff of conjuration]

   Base accuracy: +5 Base damage: 5 Base attack delay: 1.2 This weapon's minimum
   attack delay (0.6) is reached at skill level 12.
   rF:        It greatly protects you from fire.
   rPois:     It protects you from poison.
   SInv:      It lets you see invisible.
   Stlth:     It makes you more stealthy.
   It falls into the 'Staves' category.
   It is a one-handed weapon.
Jewellery
 a - the ring "Weagewne" {rPois Dex+3 SInv}
   (You acquired it on level 9 of the Dungeon)

   [ring of see invisible]

   Dex:       It affects your dexterity (+3).
   rPois:     It protects you from poison.
   SInv:      It lets you see invisible.
 b - the ring of Disaster (left hand) {MP+9 Str+6 Int-2 Slay+5}
   (You found it in a Gauntlet)

   [ring of magical power]

   Str:       It affects your strength (+6).
   Int:       It affects your intelligence (-2).
   Slay:      It affects your accuracy & damage with ranged weapons and melee
   (+5).
   MP:        It affects your magic capacity (+9).
 c - a +5 ring of evasion
 e - a ring of ice
 i - the amulet of the Four Winds (around neck) {rN+ Will+++ Clar}
   (You took it off a minotaur in a Gauntlet)

   [amulet of nothing]

   rN:        It protects you from negative energy.
   Clar:      It protects you from confusion, rage, mesmerisation and fear.
   Will:      It greatly increases your willpower.
 j - an amulet of regeneration
 k - the ring of Xom's Whimsicality {rN+ Stlth+}
   (You found it in a Gauntlet)

   [ring of positive energy]

   rN:        It protects you from negative energy.
   Stlth:     It makes you more stealthy.
 o - a ring of flight
 v - a ring of resist corrosion
 A - an amulet of the acrobat
 I - the ring "Sashoubu" {MP+9 Dex+5}
   (You found it in an ice cave)

   [ring of magical power]

   Dex:       It affects your dexterity (+5).
   MP:        It affects your magic capacity (+9).
 K - a +5 ring of evasion (right hand)
 O - the ring "Aribifegu" {MP+9 Dex+3}
   (You found it on level 11 of the Dungeon)

   [ring of magical power]

   Dex:       It affects your dexterity (+3).
   MP:        It affects your magic capacity (+9).
Wands
 l - a wand of flame (30)
 m - a wand of acid (14)
 n - a wand of digging (7)
 u - a wand of charming (32)
 y - a wand of polymorph (3)
 z - a wand of iceblast (16)
 B - a wand of mindburst (32)
Scrolls
 p - 2 scrolls of magic mapping
 t - 4 scrolls of teleportation
 C - 3 scrolls of brand weapon
 F - 2 scrolls of butterflies
 L - 7 scrolls of identify
 P - 3 scrolls of enchant weapon
 R - 4 scrolls of fear
 T - a scroll of fog
 Y - 3 scrolls of enchant armour
 Z - a scroll of blinking
Potions
 d - 5 potions of mutation
 f - 21 potions of curing
 g - 4 potions of heal wounds
 h - 5 potions of might
 s - 4 potions of lignification
 x - 8 potions of attraction
 E - 6 potions of haste
 G - 5 potions of invisibility
 J - 2 potions of berserk rage
 N - a potion of ambrosia
 Q - 4 potions of resistance
 S - 2 potions of brilliance


   Skills:
 * Level 12.8 Fighting
 - Level 18.0 Ranged Weapons
 * Level 17.6 Dodging
 * Level 16.8 Stealth
 + Level 10.0 Shields
 * Level 10.9 Invocations


You had 15 spell levels left.
You didn't know any spells.
Your spell library contained the following spells:

 Spells                   Type           Power      Damage    Failure   Level
 Beastly Appendage        Tmut           0%         N/A       38%         1
 Shock                    Conj/Air       0%         1d3       38%         1
 Sting                    Tmut/Pois      0%         1d3       38%         1
 Cigotuvi's Dreadful Rot  Necr/Pois/Air  0%         N/A       54%         2
 Ensorcelled Hibernation  Hex/Ice        0%         N/A       54%         2
 Passwall                 Tmut/Erth      0%         N/A       54%         2
 Poisonous Vapours        Pois/Air       0%         N/A       54%         2
 Static Discharge         Conj/Air       0%         2-2/arc   54%         2
 Wereblood                Tmut           0%         N/A       54%         2
 Ignite Poison            Fire/Tmut/Pois 0%         N/A       77%         3
 Mephitic Cloud           Conj/Pois/Air  0%         N/A       77%         3
 Spider Form              Tmut/Pois      0%         N/A       77%         3
 Swiftness                Air            0%         N/A       77%         3
 Vhi's Electric Charge    Tloc/Air       0%         N/A       77%         3
 Volatile Blastmotes      Fire/Tloc      0%         2d10      77%         3
 Airstrike                Air            0%         2d(0-16)  99%         4
 Fulminant Prism          Conj/Hex       0%         3d5       99%         4
 Iskenderun's Mystic Bla  Conj/Tloc      0%         2d3       99%         4
 Olgreb's Toxic Radiance  Pois           0%         N/A       99%         4
 Passage of Golubria      Tloc           0%         N/A       99%         4
 Sticky Flame             Conj/Fire      0%         2d3       99%         4
 Summon Lightning Spire   Summ/Air       0%         N/A       99%         4
 Arcjolt                  Conj/Air       0%         1d10      100%        5
 Freezing Cloud           Conj/Ice/Air   0%         6-21      100%        5
 Lee's Rapid Deconstruct  Erth           0%         3d4*      100%        5
 Silence                  Hex/Air        0%         N/A       100%        5
 Conjure Ball Lightning   Conj/Air       0%         3x3d6     100%        6
 Plasma Beam              Fire/Air       0%         2x1d11    100%        6
 Lehudib's Crystal Spear  Conj/Erth      0%         10d2      100%        8


Dungeon Overview and Level Annotations

Branches:
Dungeon (15/15)            Temple (0/1) D:5            Lair (5/5) D:11
 Shoals (4/4) Lair:2        Snake (0/4) Lair:3        Slime (0/5) Lair:5
    Orc (0/2) D:12         Vaults (0/5) D:13         Depths (0/4) D:15
 Bailey (visited)           IceCv (visited)         Gauntlet (visited)

Altars:
Dithmenos
Elyvilon
Fedhas
Kikubaaqudgha
Makhleb
Sif Muna
Xom
Yredelemnul
Zin
The Shining One
Jiyva
Lugonu

Shops:
D:6 !   D:8 ==[[   D:15 :   Shoals:3 *

Portals:
Abyss: Shoals:3

Annotations:
D:8 1 runed translucent door, Returnofthet's ghost, novice GrFi


Innate Abilities, Weirdness & Mutations

You possess an exceptional clarity of mind.
Your flesh is cold resistant. (rC+)
You occasionally lose the ability to drink potions when taking damage.


Message History

The faun is heavily wounded.
You block the merfolk's attack.
The faun shoots a sling bullet.
The sling bullet completely misses you.
The faun shoots a sling bullet.
The sling bullet completely misses you.
You shoot a bolt. The bolt hits the faun!!
The bolt freezes the faun!
The faun is almost dead.
The faun no longer looks unusually strong.
The merfolk completely misses you.
The satyr plays a rousing melody on his pipes!
The faun goes into a battle-frenzy!
The merfolk barely misses you.
You shoot a bolt. The bolt hits the faun!
The bolt freezes the faun.
You kill the faun!
Fedhas appreciates your contribution to the ecosystem.
The satyr shoots an arrow.
You block the arrow.
The faun unwields a +0 sling.
The faun wields a +0 club.
The faun completely misses you. You block the merfolk's attack.
The merfolk completely misses you.
You shoot a bolt. The bolt hits the faun!
The bolt freezes the faun.
The faun is moderately wounded.
The satyr shoots an arrow.
The arrow completely misses you. The faun misses you.
The merfolk completely misses you. You block the merfolk's attack.
Unknown command.
You shoot a bolt. The bolt hits the faun!!
The bolt freezes the faun.
The faun is almost dead.
The satyr shoots an arrow.
The arrow hits you!! The faun hits you with a +0 club!!
You feel threatened and lose the ability to drink potions!
The merfolk completely misses you.
The manticore flicks its tail.
The volley of spikes misses you. The merfolk misses you.
The satyr shoots an arrow.
The arrow hits you!!
* * * LOW HITPOINT WARNING * * *
You block the faun's attack.
The merfolk throws a boomerang.
The boomerang completely misses you. The merfolk closely misses you.
The manticore flicks its tail.
The volley of spikes hits you.
The barbed spikes become lodged in your body.
You die...
Fedhas appreciates your contribution to the ecosystem.

... .#.###
~..#....#~H.#+...#.#~
~~~~~~~~.....~~~~~~~~
~~.....~H# ..)?....~~
.......#+#...P...~~
...)c.......)..H ~
#m..P.......# .
~P.<#.c).m...<.#....
~~...).@....<......~~
~~~........P..P...~~~
~~~~~~~~~~~~~~~~~~~~≈
≈≈≈≈≈≈≈≈≈≈≈≈≈≈≈≈≈≈≈≈≈
≈≈≈≈≈≈≈≈≈≈≈≈≈≈≈≈≈≈≈≈≈
≈≈≈≈≈≈≈≈≈≈≈≈≈≈≈≈≈≈≈≈≈
≈≈≈≈≈≈≈≈≈≈≈≈≈≈≈≈≈≈≈≈≈
≈≈≈≈≈≈≈≈≈≈≈≈≈≈≈≈≈≈≈≈


You could see a satyr, 2 merfolk, a faun (strong) and a manticore.

Vanquished Creatures
  Jorgrun (D:15)
  A kraken (Shoals:1)
  Gastronok (Lair:1)
  Ilsuiw (Shoals:3)
  A juggernaut skeleton (D:15)
  The ghost of pk666 the Eclecticist, a journeyman DEFE of Vehumet (Shoals:2)
  A minotaur (Gauntlet)
  The ghost of Uhanucoa the Grappler, a journeyman DrTm of Hepliaklqana (D:13)
  2 merfolk impalers
  A great orb of eyes (Gauntlet)
  2 fire dragons
  4 vault guards (D:13)
  A catoblepas (D:14)
  2 hydras (Lair:2)
  Harold (D:10)
  Erica (Lair:2)
  4 two-headed ogres
  A satyr (Shoals:3)
  2 boulder beetles (D:12)
  A merfolk aquamancer (Shoals:3)
  A death knight (D:15)
  A tengu warrior (D:15)
  5 centaur warriors
  A merfolk avatar (Shoals:2)
  A vampire mage (D:15)
  3 death yaks (D:11)
  Urug (D:10)
  A thrashing horror (Shoals:3)
  A wretched star (Shoals:3)
  Amaemon (Lair:1)
  11 skeletal warriors
  5 skysharks
  A death drake (Gauntlet)
  7 sea snakes
  A spark wasp zombie (D:15)
  A wizard (D:14)
  2 harpies (Shoals:3)
  A lindwurm (Lair:5)
  An orc knight (D:13)
  14 ugly things
  An orc sorcerer (D:13)
  3 deep elf zephyrmancers (D:11)
  A necromancer (D:15)
  10 deep elf pyromancers
  3 cyclopes
  6 fauns
  13 manticores
  5 spectral centaurs
  3 ice statues (IceCv)
  7 merfolk sirens
  2 black mambas (Lair:5)
  7 elephants
  2 apocalypse crabs (Shoals:3)
  3 molten gargoyles (Lair:5)
  5 water nymphs
  An orange demon (Lair:1)
  A smoke demon (D:10)
  6 centaur zombies
  15 cane toads
  Maggie (D:8)
  A yaktaur (D:15)
  5 kobold demonologists
  2 efreet
  A rime drake (Lair:2)
  19 komodo dragons
  An anaconda simulacrum (IceCv)
  A guardian mummy (D:15)
  A freezing wraith (IceCv)
  A tengu conjurer (D:13)
  2 trolls
  A wind drake (Shoals:1)
  3 polar bears
  10 merfolk
  A wolf spider simulacrum (D:15)
  A hornet (D:9)
  14 blink frogs
  4 snapping turtles
  Sigmund (D:3)
  A spriggan zombie (D:15)
  An ettin zombie (D:15)
  A meliai zombie (D:13)
  2 dream sheep (Shoals:3)
  A dire elephant simulacrum (IceCv)
  2 centaur simulacra
  6 water elementals
  2 vampires
  4 wraiths
  32 yaks
  3 humans (D:13)
  8 wyverns
  7 basilisks
  A neqoxec (Shoals:3)
  2 death yak simulacra (IceCv)
  Grum (D:8)
  A chaos spawn (Shoals:3)
  Menkaure (D:5)
  3 steam dragons
  3 nagas (Lair:3)
  An acid dragon (D:10)
  10 water moccasins
  9 orc warriors
  3 hell hounds (Lair:5)
  A large abomination (Shoals:3)
  A hornet zombie (D:14)
  3 sky beasts
  2 black bears
  3 ogres
  2 ice beasts
  5 centaurs
  48 wolves
  8 kobold brigands
  2 gnoll sergeants
  6 bullfrogs
  A cane toad simulacrum (IceCv)
  2 scorpions
  A small abomination (Shoals:3)
  11 wights
  17 killer bees
  2 elephant simulacra (IceCv)
  7 electric eels
  8 howler monkeys
  5 lava snakes (Lair:5)
  4 hounds
  6 jellies
  Natasha (thrice) (D:2)
  A gnoll bouda (Lair:5)
  9 orc priests
  Crazy Yiuf (D:4)
  2 iguanas
  Terence (D:3)
  12 orc wizards
  13 hell rats
  A wolf simulacrum (IceCv)
  Robin (D:3)
  9 adders
  19 gnolls
  2 shadow imps (D:6)
  2 worms
  A dart slug (D:4)
  45 orcs
  A bat zombie (D:13)
  8 endoplasms
  3 giant cockroaches
  5 hobgoblins
  3 jackals (D:4)
  22 kobolds
  7 quokkas
  5 ball pythons
  2 bats
  9 frilled lizards
  14 goblins
  A rat (D:1)
  A rat zombie (D:13)
  A tentacle (Shoals:1)
708 creatures vanquished.

Vanquished Creatures (collateral kills)
  A water moccasin (Lair:2)
  3 wolves (Lair:2)
4 creatures vanquished.

Vanquished Creatures (others)
  A kobold (D:13)
  4 tentacles (Shoals:1)
5 creatures vanquished.

Grand Total: 717 creatures vanquished

Notes
Turn   | Place    | Note
-------+----------+-------------------------------------------
     0 | D:1      | senseless the Deep Elf Hunter began the quest for the Orb.
     0 | D:1      | Reached XP level 1. HP: 12/12 MP: 3/3
    70 | D:1      | Reached XP level 2. HP: 4/17 MP: 4/4
   358 | D:1      | Found Saheshuor's Weapon Emporium.
   622 | D:2      | Found a faded altar of an unknown god.
   685 | D:2      | Prayed at the altar of an unknown god.
   685 | D:2      | Became a worshipper of Fedhas Madash
   685 | D:2      | Reached * piety under Fedhas
   742 | D:2      | Reached skill level 6 in Ranged Weapons
   780 | D:2      | Reached XP level 3. HP: 21/21 MP: 5/5
   905 | D:2      | Noticed Natasha
   909 | D:2      | Killed Natasha
   918 | D:2      | Noticed Natasha
   928 | D:2      | Killed Natasha
   929 | D:2      | Reached XP level 4. HP: 3/26 MP: 6/6
  1218 | D:2      | Noticed Natasha
  1228 | D:2      | Killed Natasha
  1424 | D:3      | Found a basalt altar of Yredelemnul.
  1442 | D:3      | Reached skill level 7 in Ranged Weapons
  1490 | D:3      | Reached ** piety under Fedhas
  1504 | D:3      | Reached XP level 5. HP: 31/31 MP: 7/7
  1539 | D:3      | Noticed Terence
  1550 | D:3      | Killed Terence
  1719 | D:3      | Noticed Robin
  1728 | D:3      | Killed Robin
  1923 | D:3      | Noticed Sigmund
  1930 | D:3      | Killed Sigmund
  1931 | D:3      | Reached skill level 8 in Ranged Weapons
  1931 | D:3      | Reached XP level 6. HP: 37/37 MP: 8/8
  2239 | D:4      | Noticed an ice beast
  2256 | D:4      | Killed an ice beast
  2343 | D:4      | Reached skill level 5 in Dodging
  2343 | D:4      | Reached XP level 7. HP: 33/41 MP: 9/9
  2426 | D:4      | Reached *** piety under Fedhas
  2436 | D:4      | Reached skill level 9 in Ranged Weapons
  2724 | D:4      | Found a large runed translucent door.
  2725 | D:4      | Found a large runed translucent door.
  2797 | D:4      | Found a runed translucent door.
  2798 | D:4      | Noticed Crazy Yiuf
  2980 | D:4      | Found a shadowy altar of Dithmenos.
  2984 | D:4      | Found an ancient bone altar of Kikubaaqudgha.
  3036 | D:4      | Killed Crazy Yiuf
  3143 | D:5      | Entered Level 5 of the Dungeon
  3319 | D:5      | Found a staircase to the Ecumenical Temple.
  3349 | D:5      | Identified a scroll of acquirement
  3350 | D:5      | Acquired the +11 hand crossbow of the Establishment
                  | {freeze, rF+}
  3451 | D:5      | Reached skill level 10 in Ranged Weapons
  3573 | D:5      | Found a glowing silver altar of Zin.
  3574 | D:5      | Noticed an angel
  3575 | D:5      | Found a shimmering altar of Xom.
  3575 | D:5      | Noticed Menkaure
  3580 | D:5      | Killed Menkaure
  3581 | D:5      | Reached XP level 8. HP: 48/48 MP: 10/10
  3673 | D:6      | Reached skill level 11 in Ranged Weapons
  3763 | D:6      | Found Xunu's Distillery.
  3771 | D:6      | Bought a potion of degeneration for 10 gold pieces
  4080 | D:6      | Found a shimmering blue altar of Sif Muna.
  4250 | D:7      | Reached **** piety under Fedhas
  4251 | D:7      | Reached skill level 5 in Fighting
  4271 | D:7      | Reached XP level 9. HP: 54/54 MP: 11/11
  4283 | D:7      | Reached skill level 12 in Ranged Weapons
  4298 | D:7      | Reached skill level 1 in Shields
  5579 | D:8      | Noticed Maggie
  5584 | D:8      | Killed Maggie
  5586 | D:8      | Found Guascheeb's Antique Armour Emporium.
  5648 | D:8      | Found Weboac's Antique Armour Shop.
  5651 | D:8      | Reached skill level 13 in Ranged Weapons
  5655 | D:8      | Noticed Grum
  5661 | D:8      | Killed Grum
  5661 | D:8      | Reached ***** piety under Fedhas
  5695 | D:8      | Reached XP level 10. HP: 54/61 MP: 12/12
  5733 | D:8      | Bought a glowing buckler for 247 gold pieces
  5733 | D:8      | Bought a runed robe for 122 gold pieces
  5773 | D:8      | Found a runed translucent door.
  5777 | D:8      | Noticed Returnofthet's ghost (novice GrFi)
  6025 | D:8      | Found Uqoxt's Jewellery Shop.
  6249 | D:8      | Found Xymuihe's Jewellery Boutique.
  6727 | D:9      | Found a flagged portal.
  6736 | Bailey   | Entered a bailey
  7153 | D:9      | Reached skill level 10 in Dodging
  7430 | D:9      | Acquired the ring "Weagewne" {rPois Dex+3 SInv}
  7550 | D:10     | Entered Level 10 of the Dungeon
  7588 | D:10     | Reached skill level 14 in Ranged Weapons
  7627 | D:10     | Found a glowing golden altar of the Shining One.
  7680 | D:10     | Noticed Urug
  7684 | D:10     | Killed Urug
  7704 | D:10     | Found a burning altar of Makhleb.
  7704 | D:10     | Noticed a smoke demon
  7707 | D:10     | Killed a smoke demon
  7739 | D:10     | Reached ****** piety under Fedhas
  7761 | D:10     | Reached XP level 11. HP: 60/67 MP: 13/13
  7776 | D:10     | Noticed Harold
  7780 | D:10     | Killed Harold
  8199 | D:11     | Found a gate leading to a gauntlet.
  8209 | D:11     | Identified the ring "Aribifegu" {MP+9 Dex+3}
  8227 | Gauntlet | Entered a Gauntlet
  8227 | Gauntlet | Noticed a large abomination
  8227 | Gauntlet | Found a transporter.
  8233 | Gauntlet | Noticed a death drake
  8236 | Gauntlet | Found a transporter.
  8237 | Gauntlet | Found a transporter.
  8240 | Gauntlet | Found a transporter.
  8241 | Gauntlet | Found a transporter.
  8242 | Gauntlet | Found a transporter.
  8244 | Gauntlet | Noticed a wizard
  8247 | Gauntlet | Noticed a wizard
  8250 | Gauntlet | Noticed a great orb of eyes
  8255 | Gauntlet | Found a transporter.
  8260 | Gauntlet | Found a transporter.
  8266 | Gauntlet | Found a large runed translucent door.
  8266 | Gauntlet | Found a large runed translucent door.
  8266 | Gauntlet | Noticed a hell hog
  8267 | Gauntlet | Found a large runed translucent door.
  8268 | Gauntlet | Found a large runed translucent door.
  8269 | Gauntlet | Found a runed translucent gate.
  8270 | Gauntlet | Found a transporter.
  8270 | Gauntlet | Found a runed translucent gate.
  8271 | Gauntlet | Found a runed translucent gate.
  8271 | Gauntlet | Found a large runed translucent door.
  8272 | Gauntlet | Found a large runed translucent door.
  8272 | Gauntlet | Found a large runed translucent door.
  8273 | Gauntlet | Found a large runed translucent door.
  8274 | Gauntlet | Found a large runed translucent door.
  8283 | Gauntlet | Found a large runed translucent door.
  8283 | Gauntlet | Found a large runed translucent door.
  8283 | Gauntlet | Found a runed translucent door.
  8283 | Gauntlet | Found a runed translucent door.
  8284 | Gauntlet | Found a large runed translucent door.
  8285 | Gauntlet | Found a large runed translucent door.
  8290 | Gauntlet | Found a transporter.
  8291 | Gauntlet | Found a transporter.
  8299 | Gauntlet | Found a transporter.
  8324 | Gauntlet | Found a large runed translucent door.
  8325 | Gauntlet | Found a large runed translucent door.
  8326 | Gauntlet | Found a large runed translucent door.
  8365 | Gauntlet | Noticed a purple ugly thing
  8513 | Gauntlet | Killed a death drake
  8531 | Gauntlet | Reached skill level 15 in Ranged Weapons
  8563 | Gauntlet | Got the Parchment of the Kinetic Body
  8577 | Gauntlet | Killed a great orb of eyes
  8583 | Gauntlet | Killed a purple ugly thing
  8597 | Gauntlet | Identified the ring of Disaster {MP+9 Str+6 Int-2 Slay+5}
  8670 | Gauntlet | Noticed a minotaur
  8673 | Gauntlet | Killed a minotaur
  8714 | Gauntlet | Identified the staff of conjuration "Ibbar" {rPois rF++
                  | SInv Stlth+}
  8714 | Gauntlet | Identified the ring of Xom's Whimsicality {rN+ Stlth+}
  8815 | D:11     | Noticed a death yak
  8815 | D:11     | Noticed a death yak
  8820 | D:11     | Noticed a death yak
  8821 | D:11     | Killed a death yak
  8825 | D:11     | Killed a death yak
  8832 | D:11     | Killed a death yak
  8835 | D:11     | Found a staircase to the Lair.
  8934 | D:11     | Noticed a deep elf pyromancer
  8935 | D:11     | Noticed a deep elf pyromancer
  8937 | D:11     | Noticed a deep elf pyromancer
  8941 | D:11     | Killed a deep elf pyromancer
  8941 | D:11     | Noticed a deep elf pyromancer
  8941 | D:11     | Noticed a deep elf zephyrmancer
  8942 | D:11     | Reached skill level 5 in Shields
  8943 | D:11     | Noticed a deep elf pyromancer
  8944 | D:11     | Noticed a deep elf pyromancer
  8944 | D:11     | Killed a deep elf pyromancer
  8945 | D:11     | Reached XP level 12. HP: 75/75 MP: 14/14
  8954 | D:11     | Reached skill level 16 in Ranged Weapons
  9142 | D:11     | Noticed a two-headed ogre
  9149 | D:11     | Killed a two-headed ogre
  9177 | D:11     | Identified the +5 hand axe of Furiff {heavy, rElec Str+2}
  9530 | D:12     | Noticed a two-headed ogre
  9534 | D:12     | Killed a two-headed ogre
  9688 | D:8      | Bought a pair of runed boots for 202 gold pieces
  9811 | D:12     | Noticed a boulder beetle
  9817 | D:12     | Killed a boulder beetle
  9829 | D:12     | Acquired a manual of Stealth
  9973 | D:12     | Found a staircase to the Orcish Mines.
 10016 | D:12     | Noticed a two-headed ogre
 10020 | D:12     | Killed a two-headed ogre
 10227 | D:12     | Noticed a two-headed ogre
 10231 | D:12     | Killed a two-headed ogre
 10232 | D:12     | Reached skill level 17 in Ranged Weapons
 10337 | D:12     | Reached skill level 1 in Invocations
 10448 | D:12     | Noticed a boulder beetle
 10453 | D:12     | Killed a boulder beetle
 10510 | D:13     | Reached skill level 5 in Stealth
 10523 | D:13     | Reached skill level 10 in Fighting
 10523 | D:13     | Reached XP level 13. HP: 33/82 MP: 16/16
 10651 | D:13     | Found a frozen archway.
 10661 | IceCv    | Entered an ice cave
 10889 | IceCv    | Identified the staff of earth "Rooghegos" {rF+ rC+ Will-
                  | Dex+6}
 10893 | IceCv    | Identified the ring "Sashoubu" {MP+9 Dex+5}
 11234 | D:13     | Found a runed translucent gate.
 11234 | D:13     | Found a runed translucent gate.
 11235 | D:13     | Found a runed translucent gate.
 11235 | D:13     | Noticed Uhanucoa's ghost (journeyman DrTm)
 11384 | D:13     | Found a gate to the Vaults.
 11597 | D:13     | Found an ancient bone altar of Kikubaaqudgha.
 11730 | D:13     | Killed Uhanucoa's ghost
 11760 | D:13     | Identified the staff of fire "Distokhu" {rF+ Will+ Stlth+}
 11766 | D:13     | Acquired a +1 cloak of stealth
 11782 | D:13     | Acquired 915 gold pieces
 11783 | D:13     | Acquired a manual of Shields
 12087 | D:14     | Found a white marble altar of Elyvilon.
 12247 | D:14     | Reached skill level 5 in Invocations
 12361 | D:14     | Reached skill level 18 in Ranged Weapons
 12445 | D:14     | Reached skill level 10 in Stealth
 12600 | D:14     | Reached XP level 14. HP: 88/88 MP: 20/20
 12697 | D:14     | Reached skill level 15 in Dodging
 12936 | D:15     | Entered Level 15 of the Dungeon
 13092 | D:15     | Noticed Jorgrun
 13103 | D:15     | Killed Jorgrun
 13305 | D:15     | Found Qaim's Tiny Tomes.
 13947 | D:15     | Found a staircase to the Depths.
 14707 | Lair:1   | Entered Level 1 of the Lair of Beasts
 14953 | Lair:1   | Noticed Gastronok
 14958 | Lair:1   | Killed Gastronok
 15503 | Lair:1   | Noticed Amaemon
 15521 | Lair:1   | Killed Amaemon
 15620 | Lair:2   | Noticed Erica
 15622 | Lair:2   | Killed Erica
 15657 | Lair:2   | Identified the +4 plate armour of Evolution {Fly Regen+
                  | Str-3}
 16476 | Lair:2   | Found a staircase to the Shoals.
 16706 | Lair:3   | Reached XP level 15. HP: 88/95 MP: 23/23
 16708 | Lair:3   | Gained mutation: You possess an exceptional clarity of
                  | mind. [potion of mutation]
 16708 | Lair:3   | Gained mutation: Your flesh is cold resistant. (rC+)
                  | [potion of mutation]
 17095 | Lair:3   | Found a staircase to the Snake Pit.
 17466 | Lair:4   | Reached skill level 15 in Stealth
 18115 | Lair:5   | Entered Level 5 of the Lair of Beasts
 18383 | Lair:5   | Found a large runed translucent door.
 18383 | Lair:5   | Found a large runed translucent door.
 18885 | Lair:5   | Found a staircase to the Slime Pits.
 18888 | Lair:5   | Found a viscous altar of Jiyva.
 19584 | Shoals:1 | Entered Level 1 of the Shoals
 20299 | Shoals:1 | Noticed a kraken
 20318 | Shoals:1 | Killed a kraken
 20541 | Shoals:1 | Reached skill level 10 in Invocations
 21094 | Shoals:2 | Found a runed translucent gate.
 21094 | Shoals:2 | Found a runed translucent gate.
 21094 | Shoals:2 | Found a runed translucent gate.
 21095 | Shoals:2 | Noticed pk666's ghost (journeyman DEFE)
 21106 | Shoals:2 | Killed pk666's ghost
 21384 | Shoals:2 | Reached XP level 16. HP: 84/103 MP: 25/25
 21452 | Shoals:3 | Found Wiwnibotz's General Store.
 21505 | Shoals:3 | Found a runed translucent door.
 21509 | Shoals:3 | Found a corrupted altar of Lugonu.
 21519 | Shoals:3 | Found a one-way gate to the infinite horrors of the Abyss.
 21532 | Shoals:3 | Gained mutation: You occasionally lose the ability to drink
                  | potions when taking damage. [a neqoxec]
 21681 | Shoals:3 | Noticed Ilsuiw
 21713 | Shoals:3 | Killed Ilsuiw
 22331 | Shoals:4 | Entered Level 4 of the Shoals
 22638 | Shoals:3 | Reached skill level 10 in Shields
 22690 | Shoals:4 | HP: 5/103 [satyr/arrow (29)]
 22690 | Shoals:4 | Killed from afar by a manticore

Illustrated notes

Levels and vault maps discovered:
D:1:      amcnicky_arrival_underground_garden, layout_rooms, serial_shops,
          nicolae_shop_tiny_real_fake_doors
D:2:      minmay_wonky_spiral, layout_rooms, shapermc_ecumenical_altar_ellora,
          uniq_natasha
D:3:      layout_basic, mainiacjoe_overflow_small_starburst, uniq_sigmund,
          uniq_terence, uniq_robin
D:4:      layout_loops_ring, jmf_multi_god_temple2, uniq_crazy_yiuf_cottage
D:5:      layout_basic, grunt_temple_overflow_order_and_chaos_1,
          minmay_temple_entry_butterflies, uniq_menkaure
D:6:      layout_cave_pools, nicolae_sif_muna_little_library, serial_shops, shop
D:7:      wad_lake_hut, layout_loops_corners
D:8:      layout_basic, ebering_ghost_reflecting_pool, serial_shops,
          nicolae_inconvenience_store, shop, nicolae_shop_gaudy_bauble, shop,
          chequers_mini_garden, minmay_fountain_box, uniq_maggie, uniq_grum
D:9:      layout_gridville, enter_bailey_8
D:10:     layout_basic, demons_altar, mainiacjoe_overflow_concentric_impassable,
          uniq_harold, uniq_urug
D:11:     layout_loops_cross, dpeg_lair_monsters, gauntlet_entry_generic,
          elves_outpost_lemuel
D:12:     layout_roguey, david_orc_4, serial_curves, eino_curves_04,
          eino_curves_04
D:13:     layout_basic, grunt_vaults_entry_fortified,
          portal_ice_cave_entry_pillars_2, gammafunk_ghost_necromancy,
          lemuel_zombie_altar_kikubaaqudgha
D:14:     layout_roguey, serial_undead, serial_undead_a, serial_undead_e,
          serial_undead_e, serial_undead_f, lemuel_tele_altar
D:15:     gammafunk_depths_entry_grave, layout_loops_ring,
          nicolae_shop_i_like_small_books_too, uniq_jorgrun
Lair:1:   layout_cave_pods, nicolae_lair_grove_arrangements, fungi_pond_lemuel,
          uniq_gastronok, uniq_amaemon
Lair:2:   layout_chaotic_city, elwin_shoals_entry_rooms, uniq_erica
Lair:3:   layout_misc_corridors, nicolae_snake_entry_squirm,
          nicolae_quartered_pool_medium, st_stairs_4
Lair:4:   layout_cave_pods, st_stairs_7, columned_hall_lemuel,
          grunt_forest_large_clearings
Lair:5:   cheibrodos_lair_end_hotspot, layout_layer_cave,
          nicolae_slime_entry_slimehenge, grunt_forest_small_clearings,
          dreamdust_gnoll_shepherd
Shoals:1: layout_shoals
Shoals:2: layout_shoals, ebering_ghost_rock_garden
Shoals:3: nicolae_shoals_aurelia_aurita, layout_shoals, serial_shops,
          nicolae_shop_tiny_waterfront, nicolae_shoals_abyss_on_the_beach,
          uniq_ilsuiw
Shoals:4: shoals_end_hellmonk_lost_city

Skill      XL: |  1  2  3  4  5  6  7  8  9 10 11 12 13 14 15 16 |
---------------+-------------------------------------------------+-----
Ranged Weapons | 6 7 8 10 11 13 14 15 17 18 | 18.0
Dodging        | 3 4 5 6 7 9 10 12 13 14 16 17 | 17.6
Fighting       | 2 3 4 5 6 7 8 10 11 12 | 12.8
Shields        | 2 3 5 6 8 9 10 | 10.0
Stealth        | 5 10 14 16 | 16.8
Invocations    | 1 5 8 10 | 10.9

Action                     |  1- 3 |  4- 6 |  7- 9 | 10-12 | 13-15 | 16-18 || total
---------------------------+-------+-------+-------+-------+-------+-------++-------
  Melee: Dagger            |       |     3 |       |       |       |       ||     3
         Short sword       |       |    12 |       |       |       |       ||    12
   Fire: Shortbow          |    80 |   114 |    63 |       |       |       ||   257
         Hand crossbow     |       |       |   142 |   361 |   997 |   146 ||  1646
 Invoke: Wall of Briars    |       |       |       |       |     1 |       ||     1
    Use: Scroll            |       |     7 |    12 |     7 |    13 |     2 ||    41
         Potion            |       |       |     2 |     2 |     4 |       ||     8
   Stab: Sleeping          |       |     1 |       |       |       |       ||     1
 Armour: Leather armour    |     3 |    15 |    14 |     6 |    85 |    11 ||   134
         Robe              |       |       |       |    31 |       |       ||    31
  Dodge: Dodged            |    12 |    37 |    77 |   178 |   396 |   142 ||   842
  Block: Buckler           |       |       |       |    77 |   208 |    76 ||   361

Table legend: (Time is in decaauts)
 A = Elapsed time spent in this place.
 B = Non-inter-level travel time spent in this place.
 C = Inter-level travel time spent in this place.
 D = Time resting spent in this place.
 E = Time spent auto-exploring this place.
 F = Levels seen in this place.
 G = Mean time per level.
                   A        B        C        D        E       F      G
               +--------+--------+--------+--------+--------+-----+--------+
         Total |  23023 |  21679 |   1344 |   1089 |  16805 |  27 |  852.7 |
       Dungeon |  13824 |  12894 |    930 |    700 |  10026 |  15 |  921.6 |
          Lair |   4938 |   4723 |    215 |      0 |   4018 |   5 |  987.6 |
        Shoals |   3147 |   2948 |    199 |    255 |   2246 |   4 |  786.8 |
        Bailey |    249 |    249 |      0 |      0 |    170 |   1 |  249.0 |
      Ice Cave |    273 |    273 |      0 |     90 |     42 |   1 |  273.0 |
      Gauntlet |    591 |    591 |      0 |     44 |    303 |   1 |  591.0 |
               +--------+--------+--------+--------+--------+-----+--------+

Top non-repeatable levels by time:
    D:15: 1676 daAuts
     D:7: 1472 daAuts
  Lair:5: 1420 daAuts
Shoals:3: 1239 daAuts
     D:8: 1205 daAuts
    D:14: 1191 daAuts
  Lair:2: 1113 daAuts
    D:13: 1074 daAuts
Shoals:1: 1064 daAuts
  Lair:1: 916 daAuts
     D:4: 912 daAuts
     D:3: 912 daAuts
  Lair:4: 880 daAuts
    D:11: 836 daAuts
     D:2: 834 daAuts
